 Dungeon Crawl Stone Soup version 0.21-a0-200-gb89f83b (webtiles) character file.

2446 Lavandula the Grappler (level 9, -3/73 (75) HPs)
             Began as a Ghoul Warper on Aug 16, 2017.
             Was an Initiate of Cheibriados.
             Slain by a troll (12 damage)
             ... on level 9 of the Dungeon.
             The game lasted 00:29:24 (4302 turns).

Lavandula the Grappler (Ghoul Warper)               Turns: 4302, Time: 00:29:25

HP:   -3/73 (75)    AC:  4    Str: 16    XL:     9   Next: 49%
MP:   0/10          EV: 15    Int:  9    God:    Cheibriados [......]
Gold: 389           SH:  0    Dex: 12    Spells: 1/11 levels left

rFire    + . .     SeeInvis .     - Unarmed
rCold    + . .     Gourm    .   (no shield)
rNeg     + + +     Faith    .   y - +0 leather armour {rPois}
rPois    ∞         Spirit   +   (no helmet)
rElec    .         Reflect  .   j - +0 cloak
rCorr    .         Harm     .   (no gloves)
MR       .....                  (no boots)
Stlth    ++........             c - amulet of guardian spirit
HPRegen  0.00/turn              u - ring of protection from fire
MPRegen  0.12/turn              (no ring)

@: rotting, very slow
A: rotting body, claws 1, carnivore 3, cold resistance 1, negative energy
resistance 3, inhibited regeneration, torment resistance, unbreathing
a: Bend Time, Renounce Religion


You were on level 9 of the Dungeon.
You worshipped Cheibriados.
Cheibriados was noncommittal.
You were not hungry.

You visited 2 branches of the dungeon, and saw 11 of its levels.

You collected 389 gold pieces.

Inventory:

Hand Weapons
 k - a +0 blowgun
Missiles
 d - 5 tomahawks of dispersal (quivered)
 l - 79 poisoned needles
 B - 6 javelins
 E - 4 tomahawks
Armour
 j - a +0 cloak (worn)
 s - a +0 ring mail
 y - a +0 leather armour of poison resistance (worn)
Jewellery
 c - an amulet of guardian spirit (around neck)
 u - a ring of protection from fire (left claw)
Wands
 a - a wand of disintegration (11/24)
 z - a wand of confusion (6/48)
Scrolls
 e - 5 scrolls of remove curse
 g - 3 scrolls of fog
 h - 2 scrolls of random uselessness {unknown}
 m - a scroll of immolation
 r - 2 scrolls of fear {unknown}
 x - a scroll of amnesia
 A - 2 scrolls of magic mapping
 D - a scroll of enchant weapon {unknown}
Potions
 i - a potion of resistance {unknown}
 n - 2 potions of mutation
 o - 2 potions of heal wounds {unknown}
 p - a potion of lignification {unknown}
 q - a potion of might {unknown}
 t - 3 potions of curing
 v - a potion of haste {unknown}
 C - 2 potions of brilliance {unknown}
Books
 b - a book of Spatial Translocations

   Spells                             Type                      Level
   a - Blink                          Translocation                2
   b - Shroud of Golubria             Charms/Translocation         2
   c - Lesser Beckoning               Translocation                3
   d - Gell's Gravitas                Translocation                3
   e - Teleport Other                 Translocation                3
   f - Passage of Golubria            Translocation                4
 F - a book of Clouds

   Spells                             Type                      Level
   a - Poisonous Vapours              Poison/Air                   2
   b - Mephitic Cloud                 Conjuration/Poison/Air       3
   c - Conjure Flame                  Conjuration/Fire             3
   d - Freezing Cloud                 Conjuration/Ice/Air          6
   e - Ring of Flames                 Charms/Fire                  7
Comestibles
 f - a meat ration
 w - 2 royal jellies
 G - 6 chunks of flesh


   Skills:
 - Level 5.8 Fighting
 - Level 1.0 Throwing
 - Level 0.8 Armour
 - Level 7.0 Dodging
 - Level 3.0 Stealth
 - Level 8.1 Unarmed Combat
 - Level 1.8 Spellcasting
 - Level 2.6 Translocations
 + Level 3.7 Invocations
 - Level 1.5 Evocations


You had one spell level left.
You knew the following spells:

 Your Spells              Type           Power        Failure   Level  Hunger
a - Blink                 Tloc           N/A          22%         2    ###....
b - Shroud of Golubria    Chrm/Tloc      #.........   36%         2    ###....
c - Lesser Beckoning      Tloc           #.........   38%         3    ####...
d - Mephitic Cloud        Conj/Pois/Air  #.......     77%         3    ####...


Dungeon Overview and Level Annotations

Branches:
Dungeon (10/15)            Temple (1/1) D:6            Lair (0/6) D:9
    Orc: D:9-12

Altars:
Ashenzari
Cheibriados
Dithmenos
Elyvilon
Fedhas
Hepliaklqana
Nemelex Xobeh
Okawaru
Vehumet
Wu Jian
The Shining One

Shops:
D:5 :

Annotations:
D:3 Sigmund
D:4 skelma's ghost, amateur HOMo
D:8 exclusion: upstairs


Innate Abilities, Weirdness & Mutations

Your body is rotting away.
You thrive on raw meat.
You are immune to poison.
You have sharp fingernails.
You are carnivorous and can eat meat at any time.
Your flesh is cold resistant. (rC+)
You are immune to negative energy. (rN+++)
You do not regenerate when monsters are visible.
You are immune to unholy pain and torment.
You can survive without breathing.


Message History

The troll is lightly wounded.
You scratch the troll.
The troll is moderately wounded.
Found a scroll labeled HORROA UJEPNO.
You scratch the troll.
The troll is moderately wounded.
You scratch the troll.
The troll is moderately wounded.
The troll is no longer moving slowly.
You strike the helpless troll from behind!
You claw the troll! x2
The troll is severely wounded.
The troll seems less confused.
The troll barely misses you. The troll claws you! The troll barely misses you.
You scratch the troll but do no damage.
The troll is severely wounded.
The troll bites you!
* * * LOW HITPOINT WARNING * * *
The troll claws you!
You die...

### #####.. ..##.#
#.##.#### #
###.##.##.##.#
#...........?# #
#.#.##...@...#
#.#.#.##....T..#
#.#.#.#####.#......
#.....# #.#######
###.### #.# #.# #'#
#.## ... ###..# ...
##.##.# ...


You could see a troll.

Vanquished Creatures
  Prince Ribbit (D:6)
  A hippogriff (D:9)
  A hungry ghost (D:3)
  2 sky beasts
  4 ogres
  A phantom (D:9)
  A centaur (D:6)
  2 bullfrogs
  A wyvern skeleton (D:9)
  A scorpion (D:7)
  An oklob sapling (D:6)
  4 wights (D:7)
  2 crimson imps
  2 centaur zombies
  A bullfrog skeleton (D:6)
  3 orc wizards
  A centaur skeleton (D:4)
  4 orc priests
  Crazy Yiuf (D:6)
  A gnoll shaman (D:2)
  2 iguanas
  3 worker ants
  A hound skeleton (D:5)
  10 adders
  3 gnolls
  A shadow imp (D:6)
  2 oozes
  2 adder zombies
  A worm (D:5)
  2 dart slugs
  3 leopard geckos
  20 orcs
  7 bats
  3 giant cockroaches
  3 goblins
  3 hobgoblins
  11 jackals
  5 quokkas
  3 frilled lizards
  A jackal skeleton (D:4)
  6 kobolds
  A leopard gecko zombie (D:5)
  A quokka skeleton (D:5)
  A rat (D:3)
130 creatures vanquished.

Vanquished Creatures (others)
  A plant (D:6)
1 creature vanquished.

Grand Total: 131 creatures vanquished

Notes
Turn   | Place    | Note
-------+----------+-------------------------------------------
     0 | D:1      | Lavandula the Ghoul Warper began the quest for the Orb.
     0 | D:1      | Reached XP level 1. HP: 17/17 MP: 2/2
   154 | D:3      | Reached skill level 1 in Throwing
   167 | D:3      | Reached XP level 2. HP: 22/25 MP: 3/3
   215 | D:3      | Reached skill level 3 in Unarmed Combat
   215 | D:3      | Reached XP level 3. HP: 11/30 MP: 4/4
   487 | D:2      | Reached skill level 4 in Unarmed Combat
   588 | D:2      | Learned a level 2 spell: Blink
   591 | D:2      | Learned a level 2 spell: Shroud of Golubria
   686 | D:3      | Reached XP level 4. HP: 29/36 MP: 5/5
   833 | D:3      | Reached skill level 5 in Unarmed Combat
   849 | D:3      | Reached XP level 5. HP: 20/42 MP: 1/6
   915 | D:4      | You fall through a shaft for 2 floors!
   952 | D:5      | Entered Level 5 of the Dungeon
  1138 | D:5      | Noticed a sky beast
  1282 | D:4      | Reached skill level 6 in Unarmed Combat
  1313 | D:4      | Noticed skelma's ghost (amateur HOMo)
  1501 | D:3      | Reached XP level 6. HP: 49/49 MP: 5/7
  1522 | D:3      | Reached skill level 7 in Unarmed Combat
  1822 | D:4      | Noticed a hungry ghost
  1824 | D:3      | HP: 1/49 [gnoll/halberd (12)]
  1959 | D:3      | Noticed Sigmund
  2033 | D:3      | Killed a hungry ghost
  2033 | D:3      | Reached skill level 8 in Unarmed Combat
  2033 | D:3      | Reached XP level 7. HP: 50/56 MP: 8/8
  2147 | D:5      | Found a white marble altar of Elyvilon.
  2244 | D:5      | Found Oheelum's Book Boutique.
  2263 | D:5      | Reached skill level 5 in Fighting
  2414 | D:6      | Found a shattered altar of Ashenzari.
  2425 | D:6      | Noticed Prince Ribbit
  2449 | D:6      | Killed Prince Ribbit
  2449 | D:6      | Reached XP level 8. HP: 60/68 MP: 7/9
  2837 | D:7      | Reached skill level 5 in Dodging
  3309 | D:8      | Reached XP level 9. HP: 67/74 MP: 8/10
  3373 | D:7      | Reached skill level 1 in Evocations
  3423 | D:6      | Found a runed door.
  3427 | D:6      | Noticed Crazy Yiuf
  3434 | D:6      | Killed Crazy Yiuf
  3524 | D:6      | Found a staircase to the Ecumenical Temple.
  3535 | D:6      | Reached skill level 1 in Stealth
  3588 | Temple   | Entered the Ecumenical Temple
  3651 | Temple   | Became a worshipper of Cheibriados the Contemplative
  3762 | D:8      | Learned a level 3 spell: Lesser Beckoning
  3867 | D:7      | Noticed a rust devil
  3867 | D:7      | Noticed a rust devil
  4017 | D:9      | Learned a level 3 spell: Mephitic Cloud
  4088 | D:9      | Found a staircase to the Lair.
  4205 | D:10     | Entered Level 10 of the Dungeon
  4279 | D:9      | Noticed a troll
  4302 | D:9      | Slain by a troll

Vault maps used:
D:1:      minmay_arrival_radiant_lines, st_stairs_12
D:3:      minmay_wonky_spiral, first_bread, uniq_sigmund
D:4:      hangedman_decor_slide_cut
D:5:      old_standard_altar, serial_shops, shop, grunt_ministairs_2
D:6:      old_standard_altar, minmay_temple_entry_oklob, lemuel_flamethrower_2,
          uniq_crazy_yiuf_cottage, uniq_prince_ribbit1
D:7:      cheibrodos_iron_armory
D:9:      gammafunk_temple_overflow_statue, lair_entry_dummy
Temple:   dpeg_five_rooms_temple

Skill      XL: |  1  2  3  4  5  6  7  8  9 |
---------------+----------------------------+-----
Throwing       | 1 |  1.0
Dodging        | 2 3 6 7 |  7.0
Unarmed Combat | 3 4 5 6 8 |  8.1
Fighting       | 5 |  5.8
Evocations     | 1 |  1.5
Stealth        | 3 |  3.0
Invocations    | 3 |  3.7
Armour         | |  0.8
Spellcasting   | |  1.8
Translocations | |  2.6

Action                   |  1- 3 |  4- 6 |  7- 9 || total
-------------------------+-------+-------+-------++-------
Melee: Unarmed           |   102 |   172 |   279 ||   553
       Punch             |     1 |     1 |     8 ||    10
 Cast: Shroud of Golubri |       |     4 |     1 ||     5
       Blink             |       |     1 |       ||     1
Invok: Bend Time         |       |       |     2 ||     2
Evoke: Wand              |       |       |     6 ||     6
  Use: Scroll            |       |     3 |     6 ||     9
 Stab: Confused          |       |       |     4 ||     4
       Sleeping          |       |       |     2 ||     2
  Eat: Chunk             |    11 |    24 |    14 ||    49
Armor: Leather armour    |    22 |    36 |    31 ||    89
Dodge: Dodged            |    62 |    91 |   146 ||   299
